 Dungeon Sprint DCSS version 0.30-a0-728-gc68057be0a (webtiles) character file.

Game seed: 16199722397186422638

1089 Legacy the Fighter (level 8, -2/90 HPs)
             Began as a Minotaur Monk on Feb 1, 2023.
             Was an Elder of Trog.
             Killed from afar by a deep elf zephyrmancer (8 damage)
             ... with a bolt of lightning
             ... in the Dungeon (Sprint V: "Ziggurat Sprint").
             The game lasted 00:03:18 (360 turns).

Legacy the Fighter (Minotaur Monk)                   Turns: 360, Time: 00:03:18

Health: -2/90      AC: 26    Str: 16    XL:     8   Next: 9%
Magic:  7/7        EV: -2    Int:  7    God:    Trog [****..]
Gold:   0          SH: 29    Dex: 15    Spells: 7/7 levels left

rFire   + . .      SeeInvis .    n - +8 lance "Wyrmbane" {slay drac, rPois rF+ rC+ AC+3}
rCold   + . .      Faith    .    l - +18 shield of the Gong {Loud rElec rN+ Will+ EV-5}
rNeg    + . .      Spirit   .    p - +5 crystal plate armour
rPois   +          Reflect  .    (helmet restricted)
rElec   +          Harm     .    (no cloak)
rCorr   .          Rampage  .    (no gloves)
Will    +....      NoTele   +    (no boots) Stlth
                                 (no amulet)
HPRegen 0.35/turn                (no ring)
MPRegen 0.10/turn                (no ring)

@: on berserk cooldown, hasted and slowed
A: horns 2, retaliatory headbutt
a: Renounce Religion, Berserk, Trog's Hand, Brothers in Arms


You were in the Dungeon.
You worshipped Trog.
Trog was greatly pleased with you.
You visited 1 branch

Inventory:

Hand Weapons
 m - the +16 obsidian axe {drain, demonic, Mesm Drain Fly SInv}
   (You found it in the Dungeon)

   Mesm:      Its wielder is mesmerised by any visible foes, and it cannot be
   unequipped while any foes are visible.
   SInv:      It lets you see invisible.
   Fly:       It grants you flight.
   Drain:     It drains your maximum health when unequipped.
 n - the +8 lance "Wyrmbane" (weapon) {slay drac, rPois rF+ rC+ AC+3}
   (You found it in the Dungeon)

   AC:        It affects your AC (+3).
   rF:        It protects you from fire.
   rC:        It protects you from cold.
   rPois:     It protects you from poison.
 o - the +11 plutonium sword {Contam Stlth-}
   (You found it in the Dungeon)

   Contam:    It causes magical contamination when unequipped.
   Stlth:     It makes you less stealthy.
 s - a +5 broad axe
 y - the +27 heavy crossbow "Sniper" {heavy, Acc+∞ SInv}
   (You found it in the Dungeon)

   Acc+∞: It never misses its target.
   SInv:      It lets you see invisible.
 z - the +7 great mace "Firestarter" {flame, inner flame, rFlCloud rF++}
   (You found it in the Dungeon)

   rFlCloud:  It grants immunity to clouds of flame.
   rF:        It greatly protects you from fire.
 A - the +13 scythe of Curses {drain, curses, Drain}
   (You found it in the Dungeon)

   Drain:     It drains your maximum health when unequipped.
Armour
 a - a +0 robe
 k - the +15 Maxwell's patent armour {-Cast -Tele rElec Will+ rCorr}
   (You found it in the Dungeon)

   rElec:     It insulates you from electricity.
   -Cast:     It prevents spellcasting.
   -Tele:     It prevents most forms of teleportation.
   rCorr:     It protects you from acid and corrosion.
   Will:      It increases your willpower.
 l - the +18 shield of the Gong (worn) {Loud rElec rN+ Will+ EV-5}
   (You found it in the Dungeon)

   Loud:      It is deafeningly noisy when blocking attacks.
   EV:        It affects your evasion (-5).
   rElec:     It insulates you from electricity.
   rN:        It protects you from negative energy.
   Will:      It increases your willpower.
 p - a +5 crystal plate armour (worn)
Wands
 i - a wand of mindburst (7)
 j - a wand of acid (7)
Scrolls
 h - 2 scrolls of blinking
 u - 7 scrolls of fog
 v - 5 scrolls of identify
 w - 2 scrolls of fear
Potions
 b - a potion of ambrosia
 c - 10 potions of curing
 d - 12 potions of heal wounds
 e - 5 potions of haste
 f - 7 potions of magic
 g - 3 potions of berserk rage
 q - 2 potions of invisibility
 r - 4 potions of resistance
 t - 5 potions of might
Miscellaneous
 x - a lightning rod (4/4)


   Skills:
 * Level 14.3 Fighting
 * Level 7.2 Armour
 * Level 10.0 Dodging
 - Level 1.5 Stealth
 * Level 10.2 Shields
 - Level 3.2 Unarmed Combat


You had 7 spell levels left.
You didn't know any spells.
Your spell library was empty.

Dungeon Overview and Level Annotations

Branches:
Dungeon (1/1)

Altars:
Ashenzari
Cheibriados
Dithmenos
Elyvilon
Fedhas
Gozag
Hepliaklqana
Kikubaaqudgha
Makhleb
Nemelex Xobeh
Okawaru
Qazlal
Ru
Sif Muna
Trog
Uskayaw
Vehumet
Wu Jian
Xom
Yredelemnul
Zin
The Shining One
Jiyva
Lugonu

Annotations:
D 1 transporter


Innate Abilities, Weirdness & Mutations

You have a pair of horns on your head.
You reflexively headbutt those who attack you in melee.


Message History

An arrow appears from out of thin air!
The arrow hits you but does no damage.
The air elemental fires a burst of electricity at you.
The stunning burst hits you but does no damage.
Blink to where?
Press: ? - help, Q - select action, (/) - cycle Dir - move target
As you read the scroll of blinking, it crumbles to dust.
The air elemental fires a burst of electricity at you.
The stunning burst hits you. You resist.
* * * LOW HITPOINT WARNING * * *
You hear a twanging sound.
An arrow appears from out of thin air!
The arrow hits you.
* * * LOW HITPOINT WARNING * * *
You feel much better.
You hear a twanging sound.
An arrow appears from out of thin air!
The arrow hits you but does no damage.
You hear a twanging sound.
An arrow appears from out of thin air!
PANG!
You block the arrow.
The deep elf zephyrmancer casts a spell at you.
The bolt of lightning hits you. You resist.
* * * LOW HITPOINT WARNING * * *
The bolt of lightning hits you. You resist.
* * * LOW HITPOINT WARNING * * *
You hear a twanging sound.
An arrow appears from out of thin air!
SHROANNG!
You block the arrow.
You feel yourself speed up.
The air elemental hits you but does no damage.
The air elemental fires a burst of electricity at you.
The stunning burst hits you but does no damage.
The air elemental fires a burst of electricity at you.
The stunning burst hits you. You resist.
* * * LOW HITPOINT WARNING * * *
The deep elf zephyrmancer casts a spell at you.
The bolt of lightning hits you. You resist.
* * * LOW HITPOINT WARNING * * *
The bolt of lightning hits you! You resist.
You die...

▓.8©8.▓.8©8.▓.8©8
▓.=|}.▓.}||.▓....
▓..)..▓.....▓...:
▓.....▓.....▓....
▓.....▓..†..▓....
▓.....▓.....▓..©.
▓..©..▓..©..▓▓▓▓▓
▓▓▓▓▓▓▓▓▓▓▓▓▓▓
▓@E8©8...▓
▓..)):...▓
▓...=....▓
▓...e....▓
▓........▓
▓....)...▓
▓...©....▓
▓▓▓▓▓▓▓▓▓▓


You could see a deep elf zephyrmancer and an air elemental.

Vanquished Creatures
  An orc high priest (D)
  A guardian mummy (D)
  A wolf (D)
  2 phantoms (D)
  An iguana (D)
  A mummy (D)
  A river rat (D)
  A bat zombie (D)
  A ball python zombie (D)
10 creatures vanquished.

Notes
Turn   | Place    | Note
-------+----------+-------------------------------------------
     0 | D        | Legacy the Minotaur Monk began the quest for the Orb.
     0 | D        | Reached XP level 1. HP: 19/19 MP: 0/0
     0 | D        | Found a shimmering blue altar of Sif Muna.
     0 | D        | Found a bloodstained altar of Trog.
     0 | D        | Found a sacrificial altar of Ru.
     0 | D        | Found a stormy altar of Qazlal.
     0 | D        | Found an iron altar of Okawaru.
    10 | D        | Became a worshipper of Trog the Wrathful
    10 | D        | Reached * piety under Trog
    10 | D        | Reached ** piety under Trog
    17 | D        | Found a sparkling altar of Nemelex Xobeh.
    17 | D        | Found the +6 Majin-Bo {spellvamp, MP+6 Int+6}
    17 | D        | Found the +27 heavy crossbow "Sniper" {heavy, Acc+∞ SInv}
    17 | D        | Found the +10 dark maul {heavy}
    17 | D        | Found the +15 Maxwell's patent armour {-Cast -Tele rElec
                  | Will+ rCorr}
    17 | D        | Found the +18 shield of the Gong {Loud rElec rN+ Will+
                  | EV-5}
    17 | D        | Found the +16 obsidian axe {drain, demonic, Mesm Drain Fly
                  | SInv}
    17 | D        | Found the +7 great mace "Firestarter" {flame, inner flame,
                  | rFlCloud rF++}
    17 | D        | Found the +6 shillelagh "Devastator" {shatter}
    17 | D        | Found the +11 plutonium sword {Contam Stlth-}
    17 | D        | Found the +8 lance "Wyrmbane" {slay drac, rPois rF+ rC+
                  | AC+3}
    17 | D        | Found the +9 sword of Zonguldrok {reap}
    17 | D        | Found the +13 scythe of Curses {drain, curses, Drain}
    17 | D        | Found the +9 sword of Power {lifebolt}
    17 | D        | Found the +7 mace of Variability {chaos, chain chaos}
    17 | D        | Found the +11 Singing Sword {sonic wave}
    17 | D        | Found the +8 storm bow {elec, penet}
    19 | D        | Found a corrupted altar of Lugonu.
    19 | D        | Found an ancient bone altar of Kikubaaqudgha.
    19 | D        | Found a burning altar of Makhleb.
    19 | D        | Found a transporter.
    19 | D        | Found a viscous altar of Jiyva.
    19 | D        | Found a hazy altar of Hepliaklqana.
    57 | D        | Found an opulent altar of Gozag.
    58 | D        | Found a blossoming altar of Fedhas.
    90 | D        | Reached skill level 9 in Fighting
    90 | D        | Reached XP level 2. HP: 38/38 MP: 1/1
   141 | D        | Entered arena 2.
   141 | D        | Noticed a guardian mummy
   141 | D        | Found a transporter.
   145 | D        | Killed a guardian mummy
   146 | D        | Reached skill level 12 in Fighting
   146 | D        | Reached XP level 3. HP: 48/48 MP: 2/2
   146 | D        | Reached XP level 4. HP: 56/56 MP: 3/3
   146 | D        | Reached XP level 5. HP: 62/62 MP: 4/4
   257 | D        | Entered arena 3.
   257 | D        | Noticed a wolf
   257 | D        | Found a transporter.
   267 | D        | Killed a wolf
   268 | D        | Reached skill level 5 in Armour
   268 | D        | Reached skill level 5 in Shields
   268 | D        | Reached XP level 6. HP: 59/71 MP: 5/5
   277 | D        | Reached *** piety under Trog
   278 | D        | Reached skill level 13 in Fighting
   306 | D        | Entered arena 4.
   306 | D        | Found a transporter.
   320 | D        | Reached XP level 7. HP: 79/79 MP: 6/6
   320 | D        | Reached **** piety under Trog
   331 | D        | Got the ring "Uhuffudol" {rCorr Str+4}
   335 | D        | Entered arena 5.
   335 | D        | Noticed a deep elf knight
   335 | D        | Noticed an air elemental
   335 | D        | Noticed a deep elf zephyrmancer
   335 | D        | Noticed an orc high priest
   335 | D        | Found a transporter.
   339 | D        | Paralysed by an air elemental for 1 turns
   345 | D        | Paralysed by an air elemental for 1 turns
   347 | D        | Killed an orc high priest
   348 | D        | Reached skill level 14 in Fighting
   348 | D        | Reached skill level 10 in Dodging
   348 | D        | Reached skill level 10 in Shields
   348 | D        | Reached XP level 8. HP: 70/90 MP: 7/7
   353 | D        | Paralysed by an air elemental for 1 turns
   358 | D        | HP: 3/90 [something (6)]
   360 | D        | Killed from afar by a deep elf zephyrmancer

Illustrated notes

Levels and vault maps discovered:
D:        sprint_v [room_start, room_1, room_2, room_3, room_4, room_5, room_6,
          room_7, room_8, room_9, room_10, room_11, room_12, room_13, room_14,
          room_15, room_16, room_17, room_18, room_19, room_20, room_21,
          room_22, room_23, room_24, room_25, room_26, room_27]

Skill      XL: |  1  2  3  4  5  6  7 |
---------------+----------------------+-----
Fighting       | 9 12 13 14 | 14.3
Armour         | 4 5 7 |  7.2
Dodging        | 7 8 9 10 | 10.0
Shields        | 4 5 6 10 | 10.2
Stealth        | |  1.5
Unarmed Combat | |  3.2

Action                     |  1- 3 |  4- 6 |  7- 9 || total
---------------------------+-------+-------+-------++-------
  Melee: Lance             |     3 |    31 |    16 ||    50
         Headbutt          |     1 |     8 |     1 ||    10
 Invoke: Berserk           |     1 |       |     1 ||     2
    Use: Potion            |     1 |       |     3 ||     4
         Scroll            |       |       |     2 ||     2
 Armour: Crystal plate arm |       |    15 |    34 ||    49
  Dodge: Dodged            |       |     1 |     2 ||     3
  Block: Kite shield       |     2 |    64 |    32 ||    98

Table legend: (Time is in decaauts)
 A = Elapsed time spent in this place.
 B = Non-inter-level travel time spent in this place.
 C = Inter-level travel time spent in this place.
 D = Time resting spent in this place.
 E = Time spent auto-exploring this place.
 F = Levels seen in this place.
 G = Mean time per level.
                   A        B        C        D        E       F      G
               +--------+--------+--------+--------+--------+-----+--------+
         Total |    377 |    377 |      0 |    136 |      0 |   1 |  377.0 |
       Dungeon |    377 |    377 |      0 |    136 |      0 |   1 |  377.0 |
               +--------+--------+--------+--------+--------+-----+--------+

Top non-repeatable levels by time:
       D: 377 daAuts
